 Dungeon Crawl Stone Soup version 0.26.1-2-gb8aa6d0cf2 (webtiles) character file.

Game seed: 10824461326503539681

3622 promet the Covert (level 10, -9/69 HPs)
             Began as an Octopode Brigand on Feb 11, 2021.
             Was a Believer of Dithmenos.
             Killed from afar by an electric eel (11 damage)
             ... with a bolt of electricity
             ... on level 8 of the Dungeon on Feb 12, 2021.
             The game lasted 01:03:10 (11491 turns).

promet the Covert (Octopode Brigand)               Turns: 11491, Time: 01:03:13

Health: -9/69      AC:  1    Str:  9    XL:     10   Next: 11%
Magic:  6/6        EV: 15    Int: 14    God:    Dithmenos [**....]
Gold:   447        SH:  0    Dex: 22    Spells: 8/11 levels left

rFire    + + .     SeeInvis .   o - +9 war axe "Giantslayer" {antimagic, rF+++ MP+9 Str-3 Dex+7}
rCold    + . .     Faith    .   (no shield)
rNeg     . . .     Spirit   .   (helmet restricted)
rPois    +         Reflect  .   (no amulet)
rElec    .         Harm     .   u - ring of poison resistance
rCorr    .         Rampage  .   G - ring of ice
Will     .....                  (no ring)
Stlth    +++++++++.             (no ring)
HPRegen  0.21/turn              (no ring)
MPRegen  0.10/turn              (no ring)
                                (no ring)
                                (no ring)

@: about to teleport, wreathed by umbra
A: almost no armour, stealthy swim, amphibious, 8 rings, constrict 8, camouflage
1, blurry vision 1, mutation resistance 1, gelatinous body 1
a: Renounce Religion, Shadow Step


You were on level 8 of the Dungeon.
You worshipped Dithmenos.
Dithmenos was pleased with you.
You visited 2 branches of the dungeon, and saw 9 of its levels.

You collected 447 gold pieces.

Inventory:

Hand Weapons
 a - a +6 dagger
 b - a +0 shortbow
 e - a +0 short sword
 f - a +3 long sword
 h - a +3 flail of venom
 k - a +0 spear
 n - a +1 scythe of venom
 o - the +9 war axe "Giantslayer" (weapon) {antimagic, rF+++ MP+9 Str-3 Dex+7}
   (You found it on level 5 of the Dungeon)

   It reduces the magical energy of the wielder, and disrupts the spells and
   magical abilities of those hit.
   Natural abilities and divine invocations are not affected.
   It affects your strength (-3).
   It affects your dexterity (+7).
   It renders you almost immune to fire.
   It affects your magic capacity (+9).
 q - a +3 trident
Missiles
 i - 268 stones
 m - 50 bolts
 r - 33 poisoned darts
 t - a javelin
 v - 34 sling bullets
 w - 144 arrows
 x - 3 boomerangs (quivered)
Magical Staves
 A - an uncursed staff of cold
Jewellery
 u - a ring of poison resistance (left tentacle)
 G - a ring of ice (right tentacle)
Wands
 c - a wand of digging (6)
 z - a wand of polymorph (7)
Scrolls
 g - 2 scrolls of magic mapping
 p - 3 scrolls of identify
 s - 3 scrolls of enchant armour
 C - 3 scrolls of remove curse
 D - a scroll of amnesia
 E - a scroll of blinking
Potions
 d - 5 potions of flight
 l - 5 potions of invisibility
 B - 3 potions of curing
 H - a potion of heal wounds


   Skills:
 * Level 6.9 Fighting
 + Level 4.9 Short Blades
 + Level 3.5(4.6) Axes
 + Level 4.5(5.1) Polearms
 + Level 2.4 Bows
 + Level 4.1 Throwing
 + Level 3.2 Dodging
 + Level 11.9 Stealth
 + Level 1.3 Spellcasting
 + Level 1.3 Summonings


You had 8 spell levels left.
You knew the following spells:

 Your Spells              Type           Power        Failure   Level
a - Summon Small Mammal   Summ           16%          14%         1
b - Call Imp              Summ           4%           22%         2

Your spell library contained the following spells:

 Spells                   Type           Power        Failure   Level
 Corona                   Hex            0%           26%         1
 Ensorcelled Hibernation  Hex/Ice        2%           36%         2
 Call Canine Familiar     Summ           4%           41%         3
 Summon Guardian Golem    Hex/Summ       2%           50%         3
 Confusing Touch          Hex            0%           61%         3
 Dazzling Flash           Conj/Hex       0%           61%         3
 Tukima's Dance           Hex            0%           61%         3
 Summon Ice Beast         Ice/Summ       4%           88%         4
 Summon Lightning Spire   Summ/Air       2%           88%         4


Dungeon Overview and Level Annotations

Branches:
Dungeon (8/15)             Temple (1/1) D:4
   Lair: D:8-11

Altars:
Ashenzari
Dithmenos
Fedhas
Kikubaaqudgha
Okawaru
Qazlal
Ru
Trog
Uskayaw
Vehumet
Wu Jian
Xom
The Shining One

Annotations:
D:3 1 runed translucent door, Crazy Yiuf


Innate Abilities, Weirdness & Mutations

You cannot wear most types of armour.
You are very stealthy in the water. (Stealth+)
You are amphibious.
You can wear up to eight rings at the same time.
You can use your tentacles to constrict eight enemies at once.
Your skin changes colour to match your surroundings (Stealth+).
Your rubbery body absorbs attacks. (AC +1, EV +1)
Scrolls take you a little longer to read.
You are somewhat resistant to further mutation.


Message History

You feel weaker.
You feel agile.
You feel magic leave you.
o - the +9 war axe "Giantslayer" (weapon)
{antimagic, rF+++ MP+9 Str-3 Dex+7} The electric eel shoots out a bolt of lightning at you!
The bolt of electricity hits you!
The electric eel shoots out a bolt of lightning at you!
The bolt of electricity hits the electric eel.
The electric eel completely resists.
The bolt of electricity misses you.
The bolt of electricity hits the electric eel.
The electric eel completely resists.
The electric eel shoots out a bolt of lightning at you!
The bolt of electricity hits you!
* * * LOW HITPOINT WARNING * * *
The electric eel shoots out a bolt of lightning at you!
The bolt of electricity hits you!
* * * LOW HITPOINT WARNING * * *
The electric eel shoots out a bolt of lightning at you!
The bolt of electricity hits you!
You die...

#..# #.)# #.##
###.#### #♣≈♣≈≈≈≈♣♣ #
♣♣≈P≈♣♣≈≈≈♣≈♣≈
≈♣♣♣≈≈♣≈≈≈≈≈≈≈≈≈♣
♣≈≈≈≈≈≈≈≈≈≈≈≈≈≈≈≈≈
≈P≈≈≈≈≈≈≈≈≈≈;≈≈≈≈≈
≈♣≈≈≈≈@≈;≈≈≈≈≈♣≈o
≈≈≈≈≈≈;≈≈≈≈≈≈≈≈≈≈;
≈≈≈≈≈≈≈;;≈≈≈≈≈≈≈≈≈
≈≈≈≈≈≈≈≈≈≈≈≈≈≈≈≈♣P
≈≈≈≈≈≈;≈≈≈≈≈≈≈≈≈≈
.≈♣≈≈P♣≈≈≈≈≈≈≈≈≈≈≈≈≈≈
..P≈P≈≈≈≈≈≈P≈≈≈≈♣≈≈≈≈
.... ♣♣≈≈≈≈≈≈♣≈≈≈≈≈≈♣
...


You could see 6 electric eels.

Vanquished Creatures
  A hornet (D:6)
  Grinder (D:3)
  Sigmund (D:2)
  Eustachio (D:5)
  Edmund (D:4)
  An orc warrior (D:6)
  An ice beast (D:5)
  2 sky beasts
  2 black bears
  2 ogres
  4 centaurs
  3 bullfrogs
  2 scorpions
  4 wights
  2 electric eels (D:8)
  3 howler monkeys (D:8)
  5 bullfrog zombies
  A jelly (D:6)
  7 orc priests
  2 hounds
  6 orc wizards
  3 iguanas
  Ijyb (D:4)
  7 worker ants
  2 hound skeletons (D:7)
  6 gnolls
  7 adders
  A howler monkey skeleton (D:7)
  2 shadow imps (D:5)
  2 white imps (D:8)
  2 oozes (D:2)
  An adder skeleton (D:4)
  2 worms
  5 leopard geckos
  14 orcs
  A ball python (D:2)
  6 giant cockroaches
  10 goblins
  2 hobgoblins
  9 jackals
  4 quokkas
  4 bats
  3 frilled lizards
  5 kobolds
  2 quokka skeletons (D:6)
  9 rats
162 creatures vanquished.

Vanquished Creatures (others)
  A wizard (D:4)
  88 plants (D:8)
89 creatures vanquished.

Grand Total: 251 creatures vanquished

Notes
Turn   | Place    | Note
-------+----------+-------------------------------------------
     0 | D:1      | promet the Octopode Brigand began the quest for the Orb.
     0 | D:1      | Reached XP level 1. HP: 14/14 MP: 1/1
   140 | D:1      | Reached XP level 2. HP: 19/19 MP: 2/2
   556 | D:1      | Reached skill level 6 in Stealth
  1037 | D:2      | Reached XP level 3. HP: 24/24 MP: 3/3
  1408 | D:2      | You fall into a shaft and drop 2 floors!
  1409 | D:4      | Noticed Ijyb
  1410 | D:4      | Found a staircase to the Ecumenical Temple.
  1412 | D:4      | Killed Ijyb
  1413 | D:4      | Reached XP level 4. HP: 30/30 MP: 4/4
  1416 | D:4      | Noticed an ogre
  1481 | D:4      | Reached skill level 7 in Stealth
  1706 | D:3      | Noticed Grinder
  1710 | D:3      | Killed Grinder
  1711 | D:3      | Reached skill level 8 in Stealth
  1711 | D:3      | Reached XP level 5. HP: 27/36 MP: 5/5
  1711 | D:3      | Reached XP level 6. HP: 32/42 MP: 6/6
  2016 | D:2      | Noticed Sigmund
  2022 | D:2      | Killed Sigmund
  2023 | D:2      | Reached skill level 9 in Stealth
  2023 | D:2      | Reached XP level 7. HP: 47/47 MP: 7/7
  2592 | D:3      | Found a runed translucent door.
  2593 | D:3      | Noticed Crazy Yiuf
  3225 | D:3      | Found a hide-covered altar of Uskayaw.
  3225 | D:3      | Found an ornate altar of the Wu Jian Council.
  3750 | D:4      | Reached skill level 1 in Polearms
  3766 | D:4      | Noticed Edmund
  3782 | D:4      | Killed Edmund
  4140 | D:4      | Reached skill level 10 in Stealth
  4140 | D:4      | Reached XP level 8. HP: 54/54 MP: 8/8
  4510 | D:4      | Found a bloodstained altar of Trog.
  4512 | D:4      | Noticed a wizard
  4516 | D:4      | Killed a wizard
  4619 | Temple   | Entered the Ecumenical Temple
  4697 | Temple   | Became a worshipper of Dithmenos the Shadowed
  4996 | D:5      | Entered Level 5 of the Dungeon
  5241 | D:5      | Identified the +9 war axe "Giantslayer" {antimagic, rF+++
                  | MP+9 Str-3 Dex+7} (You found it on level 5 of the Dungeon)
  5270 | D:5      | Noticed Eustachio
  5315 | D:5      | Killed Eustachio
  6027 | D:5      | Reached skill level 5 in Fighting
  6034 | D:5      | Reached skill level 1 in Axes
  6413 | D:5      | Learned a level 1 spell: Summon Small Mammal
  6542 | D:5      | Reached skill level 11 in Stealth
  6542 | D:5      | Reached XP level 9. HP: 37/61 MP: 6/9
  7253 | D:6      | Gained mutation: Scrolls take you a little longer to read.
                  | [potion of mutation]
  7253 | D:6      | Gained mutation: You are somewhat resistant to further
                  | mutation. [potion of mutation]
  7769 | D:6      | Reached * piety under Dithmenos
  7915 | D:6      | Noticed a hornet
  7923 | D:6      | Killed a hornet
  8138 | D:6      | Found a stormy altar of Qazlal.
  8851 | D:7      | Reached skill level 1 in Bows
 10245 | D:8      | Reached skill level 1 in Spellcasting
 10623 | D:8      | Learned a level 2 spell: Call Imp
 10700 | D:8      | Reached ** piety under Dithmenos
 10701 | D:8      | Reached XP level 10. HP: 59/69 MP: 6/11
 10808 | D:8      | Reached skill level 1 in Summonings
 11491 | D:8      | HP: 2/69 [electric eel/bolt of electricity (12)]
 11491 | D:8      | Killed from afar by an electric eel

Illustrated notes

Levels and vault maps discovered:
D:1:      erik_arrival_cave_to_civilisation [erik_arrival_cave_to_hall],
          layout_basic, chequers_serial_rivers_room_b
D:2:      layout_loops_ring, uniq_sigmund
D:3:      layout_loops_ring, amethyst_overflow_temple_binary,
          uniq_crazy_yiuf_cottage, uniq_grinder
D:4:      layout_cave_pools, temple_fountains, supply_closet_lemuel,
          trog_wizard, uniq_ijyb, uniq_edmund
D:5:      layout_loops_ring, uniq_eustachio
D:6:      layout_basic, lemuel_coloured_pillars_altar
D:7:      layout_cave_pools
D:8:      layout_cave_pods, serial_bayou, serial_bayou_lake_a,
          serial_bayou_pond_d, serial_bayou_lagoon_a, serial_bayou_pond_e,
          serial_bayou_crossing, serial_bayou_pond_c, item_on_display_a
Temple:   dpeg_five_rooms_temple

Skill      XL: |  1  2  3  4  5  6  7  8  9 10 |
---------------+-------------------------------+-----
Stealth        | 6 8 9 10 11 | 11.9
Fighting       | 3 4 5 6 |  6.9
Short Blades   | 3 4 |  4.9
Polearms       | 2 3 4 |  4.5
Throwing       | 3 4 |  4.1
Dodging        | 2 3 |  3.2
Axes           | 1 3 |  3.5
Bows           | 2 |  2.4
Spellcasting   | 1 |  1.3
Summonings     | 1 |  1.3

Action                   |  1- 3 |  4- 6 |  7- 9 | 10-12 || total
-------------------------+-------+-------+-------+-------++-------
Melee: Short sword       |    16 |       |       |       ||    16
       Dagger            |    23 |    34 |    74 |     4 ||   135
       Constrict         |     4 |     6 |    42 |     4 ||    56
       Tentacles         |     4 |     3 |    41 |     5 ||    53
       Scythe            |       |       |    70 |    11 ||    81
       War axe           |       |       |    57 |     3 ||    60
 Fire: Shortbow          |       |       |    29 |       ||    29
Throw: Dart              |       |    11 |    26 |       ||    37
       Javelin           |       |       |    12 |       ||    12
       Stone             |       |       |     1 |     1 ||     2
       Boomerang         |       |       |       |     8 ||     8
 Cast: Summon Small Mamm |       |       |    21 |     4 ||    25
Evoke: Wand              |       |       |     1 |       ||     1
  Use: Scroll            |     6 |     2 |     6 |     3 ||    17
       Potion            |     4 |     1 |     9 |       ||    14
 Stab: Sleeping          |    21 |     7 |    27 |     1 ||    56
       Distracted        |       |       |     3 |     1 ||     4
Armor: Skin              |     1 |     1 |     9 |       ||    11
Dodge: Dodged            |    14 |    13 |   173 |    13 ||   213
